 Dungeon Crawl Stone Soup version 0.19.5 (webtiles) character file.

720 Azzok the Fighter (level 7, 0/69 HPs)
             Began as a Centaur Fighter on June 1, 2017.
             Succumbed to a gnoll's poison
             ... on level 5 of the Dungeon.
             The game lasted 00:08:52 (4732 turns).

Azzok the Fighter (Centaur Fighter)                 Turns: 4732, Time: 00:08:52

Health: 0/69       AC:  9    Str: 24    XL:     7   Next: 42%
Magic:  7/7        EV:  5    Int:  7    God:
Gold:   276        SH:  8    Dex:  8    Spells: 0 memorised, 6 levels left

rFire  . . .     SeeInvis .     a - +0 long sword
rCold  . . .     Gourm    .     b - +0 scale mail
rNeg   . . .     Faith    .     c - +0 shield
rPois  .         Spirit   .     y - +0 helmet
rElec  .         Reflect  .     (no cloak)
rCorr  .         Harm     .     g - +1 pair of gloves
MR     .....                    (no barding)
Stlth  ..........               (no amulet)
                                (no ring)
                                k - +3 ring of strength

@: lethally poisoned (0 -> -15), very slightly contaminated, hasted, very quick
A: hooves 3, deformed body, speed 2, tough skin 3
a: no special abilities


You were on level 5 of the Dungeon.
You were not hungry.

You visited 1 branch of the dungeon, and saw 5 of its levels.

You collected 276 gold pieces.

Inventory:

Hand Weapons
 a - a +0 long sword (weapon)
 n - a cursed -2 spear
 x - a +0 dagger of draining
Missiles
 o - 79 arrows
Armour
 b - a +0 scale mail (worn)
 c - a +0 shield (worn)
 g - a +1 pair of gloves (worn)
 y - a +0 helmet (worn)
Jewellery
 k - a +3 ring of strength (left hand)
Scrolls
 e - a scroll of fog {unknown}
 h - 2 scrolls of remove curse {unknown}
 j - 7 scrolls of identify {unknown}
 l - a scroll of magic mapping {unknown}
 p - 3 scrolls of amnesia {unknown}
 q - a scroll of random uselessness {unknown}
 r - a scroll of blinking {unknown}
 s - a scroll of enchant weapon {unknown}
 v - a scroll of immolation {unknown}
Potions
 d - 3 potions of might
 m - a potion of haste
Comestibles
 f - 3 bread rations {@e1}
 t - a fruit


   Skills:
 * Level 8.8 Fighting
 - Level 1.7 Long Blades
 - Level 2.1 Armour
 - Level 2.1 Shields


You had 6 spell levels left.
You didn't know any spells.

Dungeon Overview and Level Annotations

Branches:
Dungeon (5/15)
 Temple: D:4-7

Altars:
Dithmenos
Makhleb
Ru
Xom


Innate Abilities, Weirdness & Mutations

You have hooves in place of feet.
Armour fits poorly on your strangely shaped body.
You cover ground very quickly.
You have extremely tough skin. (AC +3)


Message History

You take 2 damage, and have 6/69 hp.
It was a potion of mutation.
You feel extremely strange.
Your thoughts seem clearer.
You feel frail.
You feel stupid.
* * * LOW HITPOINT WARNING * * *
You feel sick. The adder bites you but does no damage.
You take 2 damage, and have 4/62 hp.
It was a potion of haste.
You feel yourself speed up.
* * * LOW HITPOINT WARNING * * *
You feel sick. The adder bites you but does no damage.
You block the adder's attack.
You are very lightly contaminated with residual magic.
You take 2 damage, and have 2/62 hp.
It was a potion of cure mutation.
It has a very clean taste.
You feel robust.
You feel clever.
Your thinking seems confused.
* * * LOW HITPOINT WARNING * * *
You feel sick.
The adder bites you but does no damage. x2
* * * LOW HITPOINT WARNING * * *
You feel sick.
You take 1 damage, and have 1/69 hp.
You die...

···§▒▒▒▒▒g▒ ▒▒▒
▒▒·▒▒▒▒▒·▒▒ ▒···{g·▒▒··▒
▒··········
▒▒···▒▒▒▒··▒▒·▒··▒▒·▒▒▒▒▒▒
· ▒▒··········▒▒ · ▒·▒
···5▒▒·▒▒▒▒··▒▒··▒[▒ ▒·▒
▒▒▒ ··········S····▒·▒·▒
▒·▒ ▒·▒·
·····▒▒▒▒·▒S·······▒ ▒·▒
▒^▒· ▒··· ▒▒·▒······▒
▒·▒▒▒)5· ▒▒· ▒▒·▒▒@·▒▒··▒
▒·▒·5·_· ▒ ▒▒▒▒▒···▒··▒
▒·▒·▒··· ·········<·▒
▒··▒▒·▒5 ▒▒▒▒▒···▒▒)▒
▒····▒·▒· ▒▒·····▒
▒·▒▒▒▒▒▒ ▒▒▒▒▒▒▒▒▒▒▒▒·▒ ▒·
▒··········(·▒▒ ▒·
▒·▒▒▒▒▒▒▒▒▒···▒▒▒ ▒▒
▒·····<·········▒


You could see 2 adders.

Vanquished Creatures
  A centaur (D:5)
  A scorpion (D:5)
  3 crimson imps (D:5)
  3 hounds
  A centaur zombie (D:5)
  Ijyb (D:3)
  An iguana (D:5)
  4 worker ants
  A hound skeleton (D:5)
  Robin (D:4)
  5 gnolls
  6 adders
  An adder skeleton (D:5)
  2 worms
  2 dart slugs (D:2)
  6 leopard geckos
  An orc (D:3)
  4 giant cockroaches
  14 goblins
  8 hobgoblins
  4 quokkas
  4 ball pythons
  11 bats
  5 frilled lizards
  A jackal zombie (D:5)
  5 kobolds
  A quokka skeleton (D:4)
  3 rats
100 creatures vanquished.

Notes
Turn   | Place    | Note
-------+----------+-------------------------------------------
     0 | D:1      | Azzok the Centaur Fighter began the quest for the Orb.
     0 | D:1      | Reached XP level 1. HP: 19/19 MP: 1/1
   257 | D:1      | Reached XP level 2. HP: 26/26 MP: 2/2
   689 | D:2      | Found a burning altar of Makhleb.
   691 | D:2      | Reached skill level 4 in Fighting
   736 | D:2      | Found a sacrificial altar of Ru.
   753 | D:2      | Reached XP level 3. HP: 8/33 MP: 3/3
  1128 | D:2      | Reached XP level 4. HP: 22/41 MP: 4/4
  1130 | D:2      | Reached skill level 5 in Fighting
  2019 | D:3      | Found a faded altar of an unknown god.
  2279 | D:3      | Reached XP level 5. HP: 50/50 MP: 5/5
  2570 | D:3      | Noticed Ijyb
  2598 | D:3      | Killed Ijyb
  2598 | D:3      | Reached skill level 6 in Fighting
  2998 | D:4      | Noticed Robin
  3220 | D:4      | Killed Robin
  3326 | D:4      | Reached XP level 6. HP: 18/58 MP: 6/6
  3327 | D:4      | Reached skill level 7 in Fighting
  4030 | D:5      | Entered Level 5 of the Dungeon
  4248 | D:5      | Found a shimmering altar of Xom.
  4341 | D:5      | Reached skill level 8 in Fighting
  4344 | D:5      | Reached XP level 7. HP: 58/68 MP: 7/7
  4714 | D:5      | Found a shadowy altar of Dithmenos.
  4727 | D:5      | Gained mutation: You possess an exceptional clarity of mind. [potion of mutation]
  4727 | D:5      | Gained mutation: You are frail. (-10% HP) [potion of mutation]
  4727 | D:5      | Gained mutation: You are dopey. (Int -2) [potion of mutation]
  4728 | D:5      | HP: 2/62 [poisoned by a gnoll]
  4729 | D:5      | Lost mutation: You are frail. (-10% HP) [potion of cure mutation]
  4729 | D:5      | Lost mutation: You are dopey. (Int -2) [potion of cure mutation]
  4729 | D:5      | Lost mutation: You possess an exceptional clarity of mind. [potion of cure mutation]
  4732 | D:5      | Succumbed to a gnoll's poison

Skill      XL: |  1  2  3  4  5  6 |
---------------+-------------------+-----
Fighting       | 4 5 6 8 |  8.8
Long Blades    | |  1.7
Armour         | |  2.1
Shields        | |  2.1

Action                   |  1- 3 |  4- 6 |  7- 9 || total
-------------------------+-------+-------+-------++-------
Melee: Long sword        |   107 |   279 |    43 ||   429
       Kick              |    22 |    73 |    12 ||   107
       Dagger            |       |    17 |       ||    17
  Use: Potion            |     3 |     2 |     3 ||     8
  Eat: Chunk             |       |    10 |     1 ||    11
Armor: Scale mail        |    60 |   173 |    43 ||   276
Dodge: Dodged            |    38 |    69 |     9 ||   116
Block: Shield            |    61 |   137 |    35 ||   233
       Rpst.: Long sword |    15 |    17 |     2 ||    34
